 Dungeon Crawl Stone Soup version 0.29.1-12-g30fa7ad0bf (webtiles) character file.

Game seed: 10596824052255821524

16727 hawla the Thaumaturge (level 13, -2/141 HPs)
             Began as a Meteoran Fire Elementalist on Jan 9, 2023.
             Was a High Priest of Vehumet.
             Slain by an orc warrior
             ... wielding a +0 glaive
             ... led by Saint Roka
              (8 damage)
             ... on level 2 of the Orcish Mines.
             The game lasted 00:35:12 (5469 turns).

hawla the Thaumaturge (Meteoran Fire Elementalist)  Turns: 5469, Time: 00:35:13

Health: -2/141     AC: 26    Str: 10      XL:     13   Next: 8%
Magic:  22/31      EV:  2    Int: 25 (26) God:    Vehumet [*****.]
Gold:   445        SH:  0    Dex: 22      Spells: 21/39 levels left

rFire   . . .      SeeInvis .   E - +9 falchion "Niorchut" {vorpal, rPois}
rCold   . . .      Faith    .   (no shield)
rNeg    . . .      Spirit   .   (body armour currently unavailable)
rPois   +          Reflect  .   (helmet currently unavailable)
rElec   .          Harm     .   (cloak currently unavailable)
rCorr   .          Rampage  .   (gloves currently unavailable)
Will    +....      NoTele   +   (boots currently unavailable)
Stlth   +.........              (no amulet)
HPRegen 0.33/turn               l - ring "Juskouf" {EV+4 Int+5}
MPRegen 0.22/turn               D - +6 ring of dexterity

@: tree-form (expiring), glowing
A: stationary, stasis, torment immunity, boosted hp, sense surroundings 2,
otherworldly, glowing, explore regen
a: Renounce Religion


You were on level 2 of the Orcish Mines.
You worshipped Vehumet.
Vehumet was extremely pleased with you.
You were a tree.
You visited 3 branches of the dungeon, and saw 13 of its levels.
You also visited: Ossuary.

You collected 1325 gold pieces.
You spent 880 gold pieces at shops.

Inventory:

Hand Weapons
 E - the +9 falchion "Niorchut" (weapon) {vorpal, rPois}
   (You bought it in a shop on level 2 of the Orcish Mines)

   It inflicts extra damage upon your enemies.
   rPois:     It protects you from poison.
Armour
 a - a +0 robe (melded)
 i - a +0 cloak (melded)
 x - a +0 hat (melded)
 C - a +0 pair of gloves (melded)
Jewellery
 l - the ring "Juskouf" (left branch) {EV+4 Int+5}
   (You found it on level 5 of the Dungeon)

   [ring of evasion]

   EV:        It affects your evasion (+4).
   Int:       It affects your intelligence (+5).
 D - a +6 ring of dexterity (right branch)
Wands
 d - a wand of iceblast (7)
 o - a wand of charming (5)
 t - a wand of mindburst (3) (quivered)
Scrolls
 m - 5 scrolls of identify
 n - a scroll of acquirement {unknown}
 p - a scroll of immolation {unknown}
 r - a scroll of silence {unknown}
 u - a scroll of vulnerability {unknown}
 v - a scroll of teleportation
 w - a scroll of enchant armour {unknown}
 y - a scroll of fog {unknown}
 A - a scroll of blinking {unknown}
 B - a scroll of noise {unknown}
Potions
 b - 2 potions of flight
 c - a potion of berserk rage
 e - 3 potions of curing
 f - a potion of heal wounds
 g - 2 potions of degeneration {unknown}
 h - 3 potions of mutation {unknown}
 j - a potion of brilliance
 k - a potion of lignification
 q - 2 potions of cancellation {unknown}
 z - a potion of magic


   Skills:
 - Level 3.3 Fighting
 - Level 4.2 Long Blades
 - Level 5.9 Dodging
 - Level 1.4 Stealth
 - Level 13.8 Spellcasting
 - Level 9.4 Conjurations
 - Level 13.7 Fire Magic
 + Level 6.0 Earth Magic
 - Level 4.1 Evocations


You had 21 spell levels left.
You knew the following spells:

 Your Spells              Type           Power      Damage    Failure   Level
a - Foxfire               Conj/Fire      100%       2x1d9     1%          1
b - Scorch                Fire           100%       2d10      0%          2
c - Flame Wave            Conj/Fire      66%        2d15      1%          4
d - Stone Arrow           Conj/Erth      100%       3d13      1%          3
e - Lehudib's Crystal Sp  Conj/Erth      27%        10d7      89%         8

Your spell library contained the following spells:

 Spells                   Type           Power      Damage    Failure   Level
 Iron Shot                Conj/Erth      27%        9d6       6%          6
 Conjure Flame            Conj/Fire      66%        6-21      1%          3
 Inner Flame              Hex/Fire       51%        N/A       1%          3
 Animate Armour           Summ/Erth      64%        N/A       10%         4
 Summon Cactus Giant      Summ           8%         N/A       99%         6


Dungeon Overview and Level Annotations

Branches:
Dungeon (10/15) Zot: 1940  Temple (1/1) D:6 Zot: 372     Orc (2/2) D:9 Zot: 241
    Elf (0/3) Orc:2       Ossuary (visited)
   Lair: D:8-11

Altars:
Ashenzari
Cheibriados
Dithmenos
Elyvilon
Fedhas
Gozag
Hepliaklqana
Kikubaaqudgha
Makhleb
Nemelex Xobeh
Okawaru
Qazlal
Ru
Sif Muna
Trog
Vehumet
Wu Jian
Xom
Yredelemnul
Zin
The Shining One

Shops:
D:7 ((:!   D:10 *   Orc:2 (

Annotations:
Orc:1 Josephine
Orc:2 Saint Roka


Innate Abilities, Weirdness & Mutations

You are a tree.
Your roots penetrate the ground, keeping you stationary.
You cannot be teleported.
You are immune to unholy pain and torment.
Your maximum health is greatly increased.
Your equipment is partially melded.
You passively map the area around you.
You are easily found by Zot.
You glow in the dark.
You regain HP and MP as you explore.


Message History

The smoke demon completely resists.
The smoke demon is moderately wounded.
The flame wave engulfs the orc sorcerer.
The orc sorcerer resists.
The orc sorcerer is severely wounded. (Press . to intensify the flame waves.)
The orc priest no longer looks unusually strong.
The orc warrior completely misses you.
Saint Roka roars a battlecry!
The orc priest goes into a battle-frenzy!
The orc sorcerer hits you with a +0 dagger.
* * * LOW HITPOINT WARNING * * *
The smoke demon gestures at you. Something smites you!
* * * LOW HITPOINT WARNING * * *
A wave of flame ripples out!
The flame wave engulfs the smoke demon.
The smoke demon resists.
The smoke demon is moderately wounded.
The flame wave engulfs the orc sorcerer.
The orc sorcerer resists.
The orc sorcerer is almost dead.
The flame wave engulfs the orc priest!!
You kill the orc priest!
Vehumet accepts your kill.
The flame wave engulfs the orc warrior.
You kill the orc warrior!
Vehumet accepts your kill.
You feel your power returning.
The flame wave engulfs the orc warrior!
The orc warrior is almost dead.
The flame wave engulfs the orc!
You kill the orc!
Vehumet accepts your kill.
You feel your power returning.
Your transformation is almost over.
The orc wizard no longer looks unusually strong.
Saint Roka roars a battlecry!
The orc wizard goes into a battle-frenzy!
The orc sorcerer barely misses you.
The orc warrior hits you from afar with a +0 glaive!
You die...

#.## *, *##.# ###.#) #.#,
#...# #.# ###.. #.# 'o..'
,#.# ###.... #.# ,,#.oo#
#.###.#....
#.#####o8.#####.##^......
#.#...#oo)#...#.###......
#.#, .)oo))) #.##.......
#.# ,#3o)# #.##.......
#.# ##.♣†##* #.####.....
#.## #8.).8# ##.# #.....
#..###.))).###..#####....
##...##'''##...##........
##.#.........####.#####..
#...#..8.8.###.##.#...#..
##.........##.....)).8#..
#........÷.##....#...#..
##.#.........#...#####..


You could see Saint Roka, a smoke demon (summoned), an orc sorcerer (strong), 2
orc warriors, an orc priest (strong), an orc wizard (strong) and 3 orcs.

Vanquished Creatures
  2 two-headed ogres (D:10)
  An orc high priest (Orc:2)
  Pikel (D:7)
  2 orc knights
  2 orc sorcerers
  A cyclops (D:8)
  A manticore (D:9)
  Maggie (D:7)
  7 trolls
  2 hornets (D:9)
  A shadow (D:9)
  5 yaks (D:7)
  3 wraiths
  A wyvern (D:7)
  A steam dragon (D:8)
  Menkaure (D:5)
  5 wargs (Orc:2)
  A water moccasin (D:8)
  2 sky beasts (D:7)
  33 orc warriors
  A black bear (D:3)
  7 ogres
  3 centaurs
  A lemure (D:7)
  2 kobold brigands (D:9)
  2 bullfrogs
  3 necrophages (D:6)
  4 scorpions
  12 wights
  5 killer bees (D:8)
  A howler monkey (D:9)
  4 lava snakes (D:8)
  3 jellies
  2 gnoll boudas
  3 hounds
  22 orc priests
  Ijyb (D:4)
  2 iguanas
  22 orc wizards
  11 gnolls
  An adder (D:5)
  A shadow imp (D:6)
  A worm (D:4)
  101 orcs
  4 endoplasms
  A giant cockroach (D:4)
  3 goblins
  A hobgoblin (D:4)
  5 jackals
  14 kobolds
  A quokka (D:3)
  A ball python (D:4)
  2 ball python skeletons (Ossuary)
  A frilled lizard (D:2)
  2 hobgoblin skeletons (Ossuary)
  A hobgoblin zombie (Ossuary)
  2 kobold zombies (Ossuary)
  3 orc skeletons (Ossuary)
329 creatures vanquished.

Vanquished Creatures (others)
  A steam dragon (D:9)
  An orc priest (Orc:1)
  307 foxfires
309 creatures vanquished.

Grand Total: 638 creatures vanquished

Notes
Turn   | Place    | Note
-------+----------+-------------------------------------------
     0 | D:1      | hawla the Meteoran Fire Elementalist began the quest for
                  | the Orb.
     0 | D:1      | Reached XP level 1. HP: 14/14 MP: 5/5
    20 | D:1      | You fall into a shaft and drop 1 floor!
   101 | D:3      | Reached XP level 2. HP: 20/20 MP: 3/6
   104 | D:3      | Learned a level 2 spell: Scorch
   145 | D:4      | Noticed a black bear
   153 | D:3      | Killed a black bear
   154 | D:3      | Reached skill level 5 in Fire Magic
   154 | D:3      | Reached XP level 3. HP: 18/26 MP: 6/9
   154 | D:3      | Reached XP level 4. HP: 23/33 MP: 6/10
   154 | D:3      | Reached XP level 5. HP: 27/38 MP: 6/11
   159 | D:3      | Learned a level 4 spell: Flame Wave
   233 | D:3      | Reached XP level 6. HP: 16/45 MP: 0/12
   543 | D:4      | Reached skill level 5 in Conjurations
   574 | D:4      | Noticed Ijyb
   579 | D:4      | Reached skill level 1 in Evocations
   580 | D:4      | Reached XP level 7. HP: 44/50 MP: 7/13
   581 | D:4      | Killed Ijyb
   921 | D:4      | Found a glowing silver altar of Zin.
  1005 | D:5      | Entered Level 5 of the Dungeon
  1115 | D:5      | Identified the ring "Juskouf" {EV+4 Int+5}
  1123 | D:5      | Noticed Menkaure
  1127 | D:5      | Killed Menkaure
  1128 | D:5      | Reached XP level 8. HP: 30/57 MP: 10/16
  1140 | D:5      | Reached skill level 5 in Spellcasting
  1174 | D:5      | Found a basalt altar of Yredelemnul.
  1441 | D:6      | Found a sparkling altar of Nemelex Xobeh.
  1459 | D:6      | Found a staircase to the Ecumenical Temple.
  1475 | Temple   | Entered the Ecumenical Temple
  1679 | Temple   | Became a worshipper of Vehumet
  1737 | D:6      | Gained mutation: You passively map the area around you.
                  | [Meteoran growth]
  1737 | D:6      | Reached XP level 9. HP: 62/62 MP: 14/20
  1790 | D:7      | Found Limeopn's Book Shop.
  1791 | D:7      | Found Jeunewk's Weapon Shop.
  1800 | D:7      | Found Ynanlu Buse's Distillery.
  1838 | D:7      | Found Cuija's Weapon Shop.
  1939 | D:7      | Reached * piety under Vehumet
  1939 | D:7      | Offered knowledge of Freeze by Vehumet.
  1943 | D:7      | Reached XP level 10. HP: 38/69 MP: 2/24
  2010 | D:7      | Bought a potion of flight for 39 gold pieces
  2010 | D:7      | Bought a potion of berserk rage for 65 gold pieces
  2010 | D:7      | Bought a potion of curing for 39 gold pieces
  2010 | D:7      | Bought a potion of curing for 39 gold pieces
  2010 | D:7      | Bought 2 potions of lignification for 78 gold pieces
  2010 | D:7      | Bought a potion of brilliance for 52 gold pieces
  2178 | D:7      | Noticed Maggie
  2185 | D:7      | Killed Maggie
  2287 | D:7      | Found a sand-covered staircase.
  2296 | Ossuary  | Entered an ossuary
  2350 | Ossuary  | Reached skill level 10 in Spellcasting
  2432 | Ossuary  | Reached skill level 10 in Fire Magic
  2556 | D:7      | Noticed Pikel
  2563 | D:7      | Killed Pikel
  2678 | D:8      | Offered knowledge of Poisonous Vapours by Vehumet.
  2765 | D:8      | Noticed a cyclops
  2772 | D:8      | Killed a cyclops
  2773 | D:8      | Reached skill level 1 in Fighting
  2773 | D:8      | Reached skill level 1 in Long Blades
  2835 | D:8      | Reached XP level 11. HP: 77/77 MP: 22/27
  2869 | D:8      | Found a burning altar of Makhleb.
  2974 | D:8      | Reached ** piety under Vehumet
  3331 | D:8      | Found an iron altar of Okawaru.
  3453 | D:9      | Noticed a manticore
  3462 | D:9      | Killed a manticore
  3535 | D:9      | Found a staircase to the Orcish Mines.
  3549 | D:9      | Learned a level 3 spell: Stone Arrow
  3551 | Orc:1    | Entered Level 1 of the Orcish Mines
  3620 | D:9      | Offered knowledge of Dazzling Flash by Vehumet.
  3654 | D:9      | Found a stormy altar of Qazlal.
  3954 | D:9      | Reached *** piety under Vehumet
  3990 | D:9      | Found a snail-covered altar of Cheibriados.
  4012 | D:9      | Found a shimmering blue altar of Sif Muna.
  4091 | D:9      | Found a large runed translucent door.
  4092 | D:9      | Found a large runed translucent door.
  4319 | D:9      | Found a sacrificial altar of Ru.
  4323 | D:9      | Reached skill level 5 in Dodging
  4329 | D:9      | Found a broken altar of Ashenzari.
  4396 | D:10     | Entered Level 10 of the Dungeon
  4408 | D:10     | Noticed a two-headed ogre
  4417 | D:10     | Killed a two-headed ogre
  4418 | D:10     | Noticed a two-headed ogre
  4423 | D:10     | Killed a two-headed ogre
  4423 | D:10     | Offered knowledge of Frozen Ramparts by Vehumet.
  4435 | D:10     | Reached XP level 12. HP: 34/88 MP: 8/29
  4438 | D:10     | Found Efiankuv's Assorted Antiques.
  4455 | D:10     | Bought 2 potions of heal wounds for 320 gold pieces
  4622 | Orc:1    | Noticed an orc knight
  4643 | Orc:1    | Killed an orc knight
  4644 | Orc:1    | Reached **** piety under Vehumet
  4690 | Orc:1    | Noticed Josephine
  4697 | Orc:1    | Noticed an orc high priest
  4738 | Orc:2    | Entered Level 2 of the Orcish Mines
  4774 | Orc:2    | HP: 3/133 [orc warrior/bolt (15)]
  4777 | Orc:2    | Offered knowledge of Ignite Poison by Vehumet.
  4854 | Orc:2    | Noticed an orc high priest
  4857 | Orc:2    | Noticed a soul eater
  4865 | Orc:2    | Killed an orc high priest
  5022 | Orc:2    | Found Vicop's Antique Weapon Emporium.
  5032 | Orc:2    | Learned a level 8 spell: Lehudib's Crystal Spear
  5039 | Orc:2    | Bought a polished falchion for 248 gold pieces
  5039 | Orc:2    | Identified the +9 falchion "Niorchut" {vorpal, rPois} (You
                  | bought it in a shop on level 2 of the Orcish Mines)
  5193 | Orc:2    | Reached skill level 1 in Earth Magic
  5269 | Orc:2    | Noticed an orc knight
  5288 | Orc:2    | Reached ***** piety under Vehumet
  5323 | Orc:2    | Killed an orc knight
  5329 | Orc:2    | Reached XP level 13. HP: 94/94 MP: 17/31
  5368 | Orc:2    | Found a staircase to the Elven Halls.
  5453 | Orc:2    | Offered knowledge of Iron Shot by Vehumet.
  5456 | Orc:2    | Noticed Saint Roka
  5458 | Orc:2    | Reached skill level 5 in Earth Magic
  5468 | Orc:2    | HP: 6/141 [smoke demon/divine providence[Saint Roka] (9)]
  5469 | Orc:2    | Slain by an orc warrior

Illustrated notes

Levels and vault maps discovered:
D:1:      minmay_arrival_hallway, layout_rooms, shapermc_ecumenical_altar_petra,
          serial_shops, shop_fountains
D:2:      layout_rooms, minmay_misc_feat_plants, uniq_jessica
D:3:      layout_basic, kennysheep_another_room
D:4:      layout_rooms, mainiacjoe_overflow_alcove_1, corexii_corridor_pit,
          hangedman_decor_slide_cut, uniq_ijyb
D:5:      layout_rooms, amcnicky_altar_gilded, uniq_menkaure
D:6:      layout_gridville, nemelex_spade_bored_becter, minmay_temple_entry_mist
D:7:      layout_basic, serial_glass, glass_columns_b, glass_columns_a,
          glass_columns_a, glass_columns_a, nicolae_ossuary_entry_ruins,
          minmay_shop_grid_forest, serial_bayou_lagoon_a, uniq_pikel,
          uniq_maggie
D:8:      kennysheep_spiral_hall, layout_basic, overflow_temple_1_default,
          kennysheep_mini_moat, kennysheep_boxes
D:9:      layout_long_grid, mainiacjoe_overflow_six_doors_small,
          mainiacjoe_overflow_chevrons, mainiacjoe_overflow_boulevard,
          jmf_multi_god_temple2, david_orc_4
D:10:     layout_loops_cross, nicolae_uskayaw_murder_on_the_dancefloor,
          ebering_ghost_funeral_grove, serial_shops,
          nicolae_shop_advertising_works [nicolae_subvault_shop_adworks], shop
Temple:   minmay_temple_curvy_loop
Orc:1:    layout_caves, serial_shops, shop, bh_open_orc_temple, uniq_sonja,
          uniq_josephine
Orc:2:    grunt_orc_community_town_hall, layout_diamond_mine,
          grunt_orc_community_big_house_1, grunt_orc_community_big_house_2,
          grunt_orc_community_house_2, grunt_orc_community_house_1,
          grunt_orc_community_house_3, grunt_orc_community_house_1,
          grunt_orc_community_house_3, grunt_orc_community_house_2

Skill      XL: |  1  2  3  4  5  6  7  8  9 10 11 12 13 |
---------------+----------------------------------------+-----
Dodging        | 3 4 5 |  5.9
Spellcasting   | 3 4 6 9 11 12 13 | 13.8
Fire Magic     | 5 6 7 9 11 12 13 | 13.7
Conjurations   | 3 5 6 7 8 9 |  9.4
Evocations     | 1 2 3 4 |  4.1
Fighting       | 1 2 3 |  3.3
Long Blades    | 1 3 4 |  4.2
Earth Magic    | 4 6 |  6.0
Stealth        | |  1.4

Action                   |  1- 3 |  4- 6 |  7- 9 | 10-12 | 13-15 || total
-------------------------+-------+-------+-------+-------+-------++-------
Melee: Unarmed           |       |     3 |       |     6 |       ||     9
       Scimitar          |       |       |       |    39 |       ||    39
       Falchion          |       |       |       |     1 |     1 ||     2
 Cast: Foxfire           |     8 |    30 |    51 |    82 |       ||   171
       Scorch            |     3 |     7 |    26 |    96 |       ||   132
       Flame Wave        |       |     3 |    14 |    57 |     6 ||    80
       Stone Arrow       |       |       |       |     8 |     3 ||    11
Evoke: Wand              |       |     2 |       |    22 |     1 ||    25
  Use: Potion            |     1 |       |       |    11 |     2 ||    14
       Scroll            |       |     1 |     5 |     2 |       ||     8
Armor: Robe              |     2 |     1 |     3 |    23 |       ||    29
       Skin              |       |       |       |    16 |    25 ||    41
Dodge: Dodged            |     7 |    16 |    13 |   145 |    14 ||   195
